 Dungeon Crawl Stone Soup version 0.29-a0-409-gd843f3a48c (webtiles) character file.

Game seed: 11324575773538576534

2370 holysushi the Slicer (level 9, 0/55 HPs)
             Began as a Kobold Artificer on May 15, 2022.
             Slain by a human zombie (5 damage)
             ... in an ossuary.
             The game lasted 00:12:31 (9317 turns).

holysushi the Slicer (Kobold Artificer)             Turns: 9317, Time: 00:12:31

Health: 0/55       AC:  5    Str: 15    XL:     9   Next: 72%
Magic:  9/9        EV: 20    Int: 13    God:
Gold:   446        SH:  0    Dex: 19    Spells: 8/8 levels left

rFire   . . .      SeeInvis .   s - +0 short sword (vamp)
rCold   . . .      Faith    .   (no shield)
rNeg    . . .      Spirit   .   b - +1 leather armour
rPois   .          Reflect  .   (no helmet)
rElec   .          Harm     .   (no cloak)
rCorr   .          Rampage  .   C - +0 pair of gloves
Will    .....                   (no boots)
Stlth   +++.......              (no amulet)
HPRegen 0.18/turn               o - +6 ring of strength
MPRegen 0.11/turn               (no ring)

@: no status effects
A: small, no large weapons, nightstalker 3
a: no special abilities


You were in an ossuary.
You visited 1 branch of the dungeon, and saw 6 of its levels.
You also visited: Sewer and Ossuary.

You collected 446 gold pieces.

Inventory:

Hand Weapons
 h - a +0 dagger {short}
 s - a +0 vampiric short sword (weapon)
 B - a +1 dagger of venom
Missiles
 m - 2 poisoned darts {throwing}
 x - a throwing net
Armour
 b - a +1 leather armour (worn)
 C - a +0 pair of gloves (worn)
Jewellery
 i - an amulet of faith {!P}
 o - a +6 ring of strength (left hand)
 r - a ring of positive energy
 u - a ring of poison resistance
Wands
 c - a wand of flame (25) (quivered)
 d - a wand of charming (8)
 e - a wand of iceblast (2)
 y - a wand of mindburst (23)
Scrolls
 j - 2 scrolls of identify
 k - 2 scrolls of teleportation
 q - a scroll of vulnerability
 v - 2 scrolls of fear
Potions
 a - 3 potions of heal wounds
 f - 2 potions of haste
 g - 2 potions of curing
 n - a potion of mutation
 p - a potion of magic
 z - 3 potions of lignification {unknown}
 D - 2 potions of degeneration {unknown}
 E - 3 potions of flight {unknown}


   Skills:
 + Level 5.9 Fighting
 + Level 10.2 Short Blades
 - Level 0.7 Armour
 * Level 9.4 Dodging
 + Level 2.8 Stealth
 - Level 3.6 Evocations


You had 8 spell levels left.
You didn't know any spells.
Your spell library contained the following spells:

 Spells                   Type           Power      Damage    Failure   Level
 Blink                    Tloc           0%         N/A       50%         2
 Lesser Beckoning         Tloc           0%         N/A       75%         3
 Manifold Assault         Tloc           0%         N/A       100%        5


Dungeon Overview and Level Annotations

Branches:
Dungeon (6/15)              Sewer (visited)         Ossuary (1/1)
 Temple: D:4-7

Altars:
Elyvilon
Nemelex Xobeh
Xom

Annotations:
D:2 exclusion: downstairs
D:5 Blork the orc


Innate Abilities, Weirdness & Mutations

You are small and have problems with some larger weapons.
You are completely attuned to the shadows.


Message History

The human zombie is moderately damaged.
You barely miss the human zombie.
The human zombie is moderately damaged.
The human zombie closely misses you.
You hit the human zombie but do no damage.
The human zombie is moderately damaged.
You hit the human zombie but do no damage.
The human zombie is moderately damaged.
The human zombie completely misses you.
You hit the human zombie but do no damage.
The human zombie is moderately damaged.
You puncture the human zombie!
The human zombie is moderately damaged.
The human zombie hits you.
* * * LOW HITPOINT WARNING * * *
You puncture the human zombie!
The human zombie is heavily damaged.
You puncture the human zombie!
The human zombie is severely damaged.
The human zombie hits you but does no damage.
You hit the human zombie.
The human zombie is severely damaged.
You completely miss the human zombie.
The human zombie is severely damaged.
You hit the human zombie but do no damage.
The human zombie is severely damaged.
The human zombie hits you.
* * * LOW HITPOINT WARNING * * *
You hit the human zombie but do no damage.
The human zombie is severely damaged.
You hit the human zombie but do no damage.
The human zombie is severely damaged.
The human zombie hits you.
* * * LOW HITPOINT WARNING * * *
You hit the human zombie.
The human zombie is almost destroyed.
You hit the human zombie.
The human zombie is almost destroyed.
The human zombie hits you.
You die...

###################
#.....#.....#...#?.
#.....#.....'...#?M
#.....8.....#...#=?
#...........##'####
#...........#...# Z.#.
###8.....8###...# ..8.
#...........#..@# ....
#...........##Z###8...
#.....8.....#...#..Z..
#.....#.....#...'Z..8.
#.....#.....#...#...#.
##'#######'##########
#...#...#...#...#...#
#...'...#...'...8...#
#...#...#...#.......#


You could see a human zombie.

Vanquished Creatures
  A two-headed ogre (D:4)
  Prince Ribbit (D:5)
  2 water moccasins (D:6)
  A black bear (D:6)
  An orc warrior (D:4)
  Pargi (Sewer)
  4 scorpions
  2 centaur zombies (Ossuary)
  3 hounds
  2 human zombies (Ossuary)
  An orc priest (D:6)
  3 orc wizards
  Ijyb (D:3)
  Natasha (thrice) (D:3)
  Terence (D:3)
  3 iguanas
  5 scorpion zombies (Ossuary)
  2 mummies
  4 gnolls
  5 adders
  A white imp (D:5)
  An ufetubus (D:5)
  3 worms
  2 dart slugs (D:3)
  9 orcs
  5 endoplasms
  6 giant cockroaches
  A gnoll zombie (Ossuary)
  8 goblins
  8 hobgoblins
  7 kobolds
  3 quokkas (D:2)
  8 ball pythons
  12 bats
  2 goblin zombies (Ossuary)
  A hobgoblin zombie (Ossuary)
  3 kobold zombies (Ossuary)
  An orc zombie (Ossuary)
  5 rats
132 creatures vanquished.

Vanquished Creatures (collateral kills)
  A gnoll (D:3)
1 creature vanquished.

Grand Total: 133 creatures vanquished

Notes
Turn   | Place    | Note
-------+----------+-------------------------------------------
     0 | D:1      | holysushi the Kobold Artificer began the quest for the Orb.
     0 | D:1      | Reached XP level 1. HP: 12/12 MP: 1/1
    99 | D:1      | Reached skill level 2 in Short Blades
    99 | D:1      | Reached XP level 2. HP: 4/16 MP: 2/2
   670 | D:1      | Reached XP level 3. HP: 12/20 MP: 3/3
   882 | D:1      | Reached skill level 3 in Short Blades
  1123 | D:1      | magus.rc [v1.9.6]
  1331 | D:1      | Found a faded altar of an unknown god.
  2099 | D:2      | You fall into a shaft and drop 2 floors!
  2218 | D:4      | Found a glowing drain.
  2224 | Sewer    | Entered a sewer
  2255 | Sewer    | Reached skill level 4 in Short Blades
  2260 | Sewer    | Reached XP level 4. HP: 25/25 MP: 4/4
  2273 | Sewer    | Noticed Pargi
  2278 | Sewer    | Killed Pargi
  2279 | Sewer    | Reached skill level 6 in Short Blades
  2279 | Sewer    | Reached XP level 5. HP: 29/29 MP: 5/5
  3916 | D:3      | Reached XP level 6. HP: 34/34 MP: 6/6
  3939 | D:3      | Noticed Ijyb
  3970 | D:3      | Noticed Terence
  3972 | D:3      | Noticed Natasha
  4223 | D:3      | Found a white marble altar of Elyvilon.
  4313 | D:3      | Reached skill level 7 in Short Blades
  4540 | D:3      | Killed Ijyb
  4668 | D:3      | Killed Terence
  4792 | D:3      | Killed Natasha
  5140 | D:3      | Noticed Natasha
  5149 | D:3      | Killed Natasha
  5184 | D:3      | Noticed Natasha
  5198 | D:3      | Killed Natasha
  5199 | D:3      | Reached XP level 7. HP: 19/40 MP: 7/7
  5373 | D:3      | Found a shimmering altar of Xom.
  5942 | D:4      | Reached skill level 8 in Short Blades
  6110 | D:4      | Noticed a two-headed ogre
  6117 | D:4      | Killed a two-headed ogre
  6118 | D:4      | Reached skill level 9 in Short Blades
  6118 | D:4      | Reached XP level 8. HP: 19/48 MP: 8/8
  6505 | D:5      | Entered Level 5 of the Dungeon
  6778 | D:5      | Noticed Blork the orc
  7447 | D:5      | Noticed Prince Ribbit
  7485 | D:5      | Killed Prince Ribbit
  7486 | D:5      | Reached XP level 9. HP: 49/53 MP: 9/9
  7581 | D:5      | Reached skill level 5 in Fighting
  8310 | D:6      | Found a sparkling altar of Nemelex Xobeh.
  8605 | D:6      | Found a sand-covered staircase.
  8610 | Ossuary  | Entered an ossuary
  8654 | Ossuary  | Reached skill level 10 in Short Blades
  9317 | Ossuary  | Slain by a human zombie

Illustrated notes

Levels and vault maps discovered:
D:1:      psy_arrival_statuary, layout_loops_corners, serial_glass,
          glass_columns_a, glass_columns_a,
          hellmonk_ecumenical_altar_crossroads, minmay_octomino_j4
D:2:      layout_loops_corners
D:3:      layout_loops_ring, lemuel_doored_altar,
          mainiacjoe_overflow_six_doors_small, uniq_natasha, uniq_ijyb,
          uniq_terence
D:4:      layout_loops_cross, gup_sewer_entry_bowl, hangedman_decor_growths
D:5:      layout_basic, uniq_blork_the_orc, uniq_prince_ribbit1
D:6:      layout_loops_corners, nemelex_xobeh_ov_fountains_minmay,
          nicolae_ossuary_entry_giza, uniq_duvessa, uniq_crazy_yiuf_cottage
Ossuary:  ossuary_minmay_scorpions

Skill      XL: |  1  2  3  4  5  6  7  8  9 |
---------------+----------------------------+-----
Short Blades   | 2 4 6 7 9 10 | 10.2
Dodging        | 3 6 7 9 |  9.4
Fighting       | 2 4 5 |  5.9
Stealth        | 2 |  2.8
Armour         | |  0.7
Evocations     | |  3.6

Action                   |  1- 3 |  4- 6 |  7- 9 || total
-------------------------+-------+-------+-------++-------
Melee: Club              |     6 |       |       ||     6
       Dagger            |   133 |    49 |    64 ||   246
       Short sword       |       |   103 |   325 ||   428
       Punch             |       |     3 |     3 ||     6
Evoke: Wand              |     3 |    22 |    23 ||    48
  Use: Scroll            |     4 |       |     9 ||    13
       Potion            |       |     1 |     3 ||     4
 Stab: Sleeping          |    13 |    12 |    17 ||    42
       Distracted        |       |     1 |       ||     1
Armor: Leather armour    |    30 |    29 |    35 ||    94
Dodge: Dodged            |   107 |    98 |   171 ||   376

Table legend: (Time is in decaauts)
 A = Elapsed time spent in this place.
 B = Non-inter-level travel time spent in this place.
 C = Inter-level travel time spent in this place.
 D = Time resting spent in this place.
 E = Time spent auto-exploring this place.
 F = Levels seen in this place.
 G = Mean time per level.
                   A        B        C        D        E       F      G
               +--------+--------+--------+--------+--------+-----+--------+
         Total |   9097 |   8876 |    221 |   2685 |   4443 |   8 | 1137.1 |
       Dungeon |   8357 |   8136 |    221 |   2349 |   4299 |   6 | 1392.8 |
         Sewer |    118 |    118 |      0 |     24 |     28 |   1 |  118.0 |
       Ossuary |    622 |    622 |      0 |    312 |    116 |   1 |  622.0 |
               +--------+--------+--------+--------+--------+-----+--------+

Top non-repeatable levels by time:
     D:1: 2111 daAuts
     D:2: 1588 daAuts
     D:3: 1381 daAuts
     D:5: 1341 daAuts
     D:4: 1245 daAuts
     D:6: 689 daAuts
 Ossuary: 622 daAuts
   Sewer: 118 daAuts
